[Event "Titled Tuesday Blitz February 22 Early 2022"]
[White "Garagulya, Konstantin"]
[Black "Osiecki, Stanislaw"]
[WhiteFideId "4128931"]
[BlackFideId "1102990"]
[WhiteElo "2329"]
[BlackElo "2127"]
[Result "1-0"]
[Round "03"]
[TimeControl "180+1"]
[Date "2022.02.22"]
[WhiteClock "0:00:23"]
[BlackClock "0:00:03"]

1. d4 Nf6 2. Nf3 g6 3. Nc3 d6 4. e4 Bg7 5. Bc4 Bg4 6. h3 Bxf3 7. Qxf3 Nc6 8. Be3 e5 9. Bb5 exd4 10. Bxd4 O-O 11. Bxc6 bxc6 12. O-O Nd7 13. Bxg7 Kxg7 14. Rab1 Rb8 15. b3 Qf6 16. Qe3 Nc5 17. Rbe1 Rfe8 18. f4 Ne6 19. e5 dxe5 20. fxe5 Qg5 21. Qf3 Rf8 22. Qxc6 Nd4 23. Qe4 Nf5 24. Qf4 Qxf4 25. Rxf4 Rfd8 26. g4 Nh6 27. Ne4 Rb4 28. c4 a5 29. Ng5 a4 30. Re3 axb3 31. axb3 Rdb8 32. Rff3 R4b6 33. Kg2 Ra8 34. Kg3 Ra1 35. e6 1-0


[Site "https://www.chess.com"]

[Event "Titled Tuesday Blitz February 22 Early 2022"]
[White "Garv Gaur"]
[Black "Coelho, Ramyres Santana"]
[WhiteFideId "45030839"]
[BlackFideId "2120690"]
[WhiteElo "1950"]
[BlackElo "1888"]
[Result "1-0"]
[Round "03"]
[TimeControl "180+1"]
[Date "2022.02.22"]
[WhiteClock "0:00:44"]
[BlackClock "0:00:10"]

1. d4 Nf6 2. Nf3 g6 3. c4 Bg7 4. g3 O-O 5. Bg2 d6 6. O-O c6 7. Nc3 Qc7 8. h3 Nbd7 9. e4 e5 10. Be3 a6 11. Qc2 Re8 12. Rfe1 Nf8 13. Rad1 Be6 14. c5 dxc5 15. Nxe5 N6d7 16. Nxd7 Nxd7 17. dxc5 Red8 18. Na4 Qa5 19. Bd2 Qc7 20. Bf4 Be5 21. Bxe5 Nxe5 22. Nb6 Rxd1 23. Rxd1 Rd8 24. Kh2 Rxd1 25. Qxd1 Nc4 26. Nxc4 Bxc4 27. b3 Be6 28. f4 Kf8 29. Qd4 Ke7 30. Qh8 h5 31. f5 gxf5 32. exf5 Bxf5 33. Qxh5 Bg6 34. Qg5+ Kf8 35. Qf6 Qa5 36. Qh8+ Ke7 37. Qc8 Qxa2 38. Qxb7+ Kf8 39. Qxc6 Qxb3 40. Qxa6 Qb2 41. Qa8+ Kg7 42. Qf3 Qc2 43. c6 Bf5 44. Qf4 Be6 45. c7 Kf8 46. Qd6+ Kg7 47. h4 Kh7 48. Qf4 Kg7 49. Qe5+ Kh7 50. h5 Kg8 51. Qg5+ Kf8 52. Qd8+ Kg7 53. Qd4+ Kf8 54. h6 Ke7 55. Qd8# 1-0


[Site "https://www.chess.com"]

[Event "Titled Tuesday Blitz February 22 Early 2022"]
[White "Gelman, Alexander"]
[Black "Medeiros Jr, Francisco De Assis"]
[WhiteFideId "4118316"]
[BlackFideId "2114267"]
[WhiteElo "2375"]
[BlackElo "1998"]
[Result "1-0"]
[Round "03"]
[TimeControl "180+1"]
[Date "2022.02.22"]
[WhiteClock "0:00:05"]
[BlackClock "0:00:07"]

1. d4 d5 2. Nc3 c6 3. Bf4 Bf5 4. f3 Nf6 5. g4 Bg6 6. h4 h6 7. e3 b5 8. Nh3 e6 9. Qd2 Nbd7 10. Bg3 Nb6 11. Nf4 Bh7 12. a3 a5 13. Bd3 Bxd3 14. cxd3 Nfd7 15. Kf2 Bd6 16. Nce2 Qe7 17. Rac1 c5 18. dxc5 Nxc5 19. Nd4 b4 20. axb4 axb4 21. Kg2 O-O 22. g5 Rfc8 23. gxh6 Bxf4 24. Bxf4 e5 25. Bg5 f6 26. Qxb4 exd4 27. Qxb6 Rab8 28. Qa5 Rxb2+ 29. Kg3 fxg5 30. exd4 Qd6+ 31. Kg4 Qf4+ 32. Kh5 g6+ 33. Kxg6 Rc6+ 34. Kh5 Rxh6+ 35. Kxh6 g4+ 36. Kh5 Qf5+ 37. Kh6 Qf6+ 38. Kh5 Qf5+ 39. Kh6 Rb7 40. Qd8+ Kf7 41. Rxc5 Ke6 42. Rc6+ Kf7 43. Rc7+ Rxc7 44. Qxc7+ Ke6 45. Qc8+ Kf6 46. Qxf5+ Kxf5 47. fxg4+ Kxg4 48. h5 1-0


[Site "https://www.chess.com"]

[Event "Titled Tuesday Blitz February 22 Early 2022"]
[White "Ginzburg, Yakov"]
[Black "Karavaeva, Olga"]
[WhiteFideId "4157176"]
[BlackFideId "4124111"]
[WhiteElo "2265"]
[BlackElo "2105"]
[Result "1-0"]
[Round "03"]
[TimeControl "180+1"]
[Date "2022.02.22"]
[WhiteClock "0:00:24"]
[BlackClock "0:00:23"]

1. e4 c5 2. Nf3 e6 3. c3 Nf6 4. Bd3 Nc6 5. O-O g6 6. e5 Nd5 7. Be4 Nde7 8. d4 cxd4 9. cxd4 Bg7 10. Bf4 h6 11. Nc3 O-O 12. d5 exd5 13. Nxd5 g5 14. Bxg5 hxg5 15. Nxg5 Bh6 16. Nf6+ Kg7 17. Qg4 Ng6 18. Nxf7 Nxe5 19. Nxe5 Qxf6 20. Qxg6+ Qxg6 21. Nxg6 Re8 22. Rfe1 d5 23. Bd3 Be6 24. h4 a6 25. Rad1 Rac8 26. f3 Bf7 27. Ne5 Re7 28. Nxf7 Be3+ 29. Rxe3 Rxe3 30. Nd6 Rh8 31. Nf5+ Kf6 32. Nxe3 1-0


[Site "https://www.chess.com"]

[Event "Titled Tuesday Blitz February 22 Early 2022"]
[White "Goldin, Roman"]
[Black "Chincholimath, Halsagar"]
[WhiteFideId "2803860"]
[BlackFideId "5022487"]
[WhiteElo "2312"]
[BlackElo "1737"]
[Result "1-0"]
[Round "03"]
[TimeControl "180+1"]
[Date "2022.02.22"]
[WhiteClock "0:00:29"]
[BlackClock "0:00:27"]

1. e4 c6 2. d4 d5 3. f3 dxe4 4. fxe4 e5 5. Nf3 Bg4 6. Bc4 Nd7 7. O-O Ngf6 8. c3 Bd6 9. Nbd2 O-O 10. Qe1 Re8 11. Qh4 Bxf3 12. Nxf3 exd4 13. Ng5 Ne5 14. Bb3 h6 15. Rxf6 Qxf6 16. cxd4 Ng6 17. Qh5 Qxd4+ 18. Kh1 hxg5 19. Qxg6 Qf2 20. Be3 Qf6 21. Qh5 Bf4 22. Bd4 Qe7 23. Rf1 b5 24. e5 c5 25. Bxc5 Qxc5 26. Qxf7+ Kh8 27. Qh5# 1-0


[Site "https://www.chess.com"]

[Event "Titled Tuesday Blitz February 22 Early 2022"]
[White "Goltsev, Dmitry"]
[Black "Kovalenko, Igor"]
[WhiteFideId "24176710"]
[BlackFideId "14117908"]
[WhiteElo "2273"]
[BlackElo "2560"]
[Result "1/2-1/2"]
[Round "03"]
[TimeControl "180+1"]
[Date "2022.02.22"]
[WhiteClock "0:02:10"]
[BlackClock "0:00:36"]

1. e4 e6 2. d4 d5 3. exd5 exd5 4. Nf3 Nf6 5. Bd3 Bd6 6. O-O O-O 7. h3 h6 8. Re1 Re8 9. Ne5 c5 10. c3 Nc6 11. Nxc6 bxc6 12. Be3 c4 13. Bc2 Ne4 14. Nd2 Nxd2 15. Qxd2 Qf6 16. Bf4 Bd7 17. Bxd6 Qxd6 18. Rxe8+ Rxe8 19. Re1 Rxe1+ 20. Qxe1 Kf8 21. Qe3 a5 22. h4 Qe7 23. Qxe7+ Kxe7 24. Kf1 g5 25. hxg5 hxg5 26. Ke2 f5 27. g3 Kf6 28. f4 g4 29. Ke3 Ke7 30. Bd1 Kd6 31. Bc2 Be6 32. Bb1 Kc7 33. Bc2 Kb6 34. Bd1 Kb5 35. Bc2 a4 36. a3 Ka5 37. Bd1 Kb5 1/2-1/2


[Site "https://www.chess.com"]

[Event "Titled Tuesday Blitz February 22 Early 2022"]
[White "Goltseva, Ekaterina"]
[Black "Sviridova, Vlada"]
[WhiteFideId "24173770"]
[BlackFideId "24109606"]
[WhiteElo "2140"]
[BlackElo "2101"]
[Result "1-0"]
[Round "03"]
[TimeControl "180+1"]
[Date "2022.02.22"]
[WhiteClock "0:00:04"]
[BlackClock "0:00:04"]

1. d4 d5 2. c4 c6 3. Nf3 Nf6 4. g3 dxc4 5. Bg2 Nbd7 6. a4 a5 7. O-O e6 8. Nbd2 Nb6 9. Qc2 Be7 10. Nxc4 O-O 11. Bf4 Nbd5 12. Bg5 h6 13. Bd2 Nb4 14. Qb3 Ne4 15. Bc3 b5 16. axb5 cxb5 17. Nxa5 Nxc3 18. bxc3 Rxa5 19. cxb4 Rxa1 20. Rxa1 Bb7 21. Qd3 Qb6 22. Rb1 Rd8 23. e3 Rc8 24. Ne5 Bxg2 25. Kxg2 Qb7+ 26. f3 Qa6 27. Rb2 Qa1 28. Qd2 Rc1 29. Qf2 Qa3 30. Rc2 Rxc2 31. Qxc2 Qxb4 32. Qc8+ Bf8 33. Qd7 Qe7 34. Qxb5 g6 35. Qd3 Kg7 36. e4 Qb4 37. f4 Qb2+ 38. Kg1 Qc1+ 39. Kf2 Qb2+ 40. Kg1 Qc1+ 41. Qf1 Qe3+ 42. Qf2 Qxe4 43. Nf3 Be7 44. Kg2 Bf6 45. Qg1 Qc2+ 46. Qf2 Qe4 47. Qd2 h5 48. Kf2 Qd5 49. Qe3 Qa2+ 50. Qe2 Qa1 51. Qd2 Qa3 52. Qe3 Qa2+ 53. Qe2 Qa1 54. Qd2 Qb1 55. Ne5 Qe4 56. Qe3 Qxe3+ 57. Kxe3 Bxe5 58. dxe5 Kf8 59. Kd4 Ke7 60. Kc5 Kd7 61. Kb6 Kd8 62. Kc6 Kc8 63. Kd6 Kd8 64. h3 Ke8 65. Kc7 Ke7 66. g4 hxg4 67. hxg4 f6 68. g5 fxg5 69. fxg5 Ke8 70. Kd6 Kf7 71. Kd7 1-0


[Site "https://www.chess.com"]

[Event "Titled Tuesday Blitz February 22 Early 2022"]
[White "Golubka, Petro"]
[Black "Kravtsiv, Martyn"]
[WhiteFideId "14114224"]
[BlackFideId "14113147"]
[WhiteElo "2392"]
[BlackElo "2694"]
[Result "1-0"]
[Round "03"]
[TimeControl "180+1"]
[Date "2022.02.22"]
[WhiteClock "0:00:21"]
[BlackClock "0:00:02"]

1. e4 e5 2. Bb5 a6 3. Ba4 Nf6 4. d3 Be7 5. f4 exf4 6. Bxf4 O-O 7. Nd2 d5 8. e5 Nfd7 9. d4 Nb6 10. Bb3 Bg5 11. Bxg5 Qxg5 12. Qe2 Qh4+ 13. Qf2 Qxf2+ 14. Kxf2 f6 15. exf6 N8d7 16. Ngf3 Nxf6 17. Rhe1 Bf5 18. Kg1 Rae8 19. a4 a5 20. Ne5 c6 21. c4 Be6 22. c5 Nbd7 23. Ndf3 Ng4 24. Nxd7 Bxd7 25. Rxe8 Rxe8 26. Re1 Rxe1+ 27. Nxe1 Nf6 28. Kf2 Kf7 29. Bd1 Ke7 30. b4 axb4 31. Nd3 Bf5 32. Nxb4 g5 33. a5 Kd7 34. Ba4 Kc7 35. a6 bxa6 36. Nxa6+ Kb7 37. Nb4 Bd7 38. Kf3 h5 39. g3 Kc7 40. h4 gxh4 41. gxh4 Ne4 42. Kf4 Nc3 43. Bc2 Be8 44. Bd3 Kd7 45. Kg5 Ke6 46. Bf5+ Ke7 47. Bg6 Bxg6 48. Kxg6 Ne2 49. Nxc6+ Kd7 50. Ne5+ Ke6 51. Nf3 Nf4+ 52. Kg5 Ng2 53. Kxh5 Kf5 54. Kh6 Nf4 55. Kg7 Ke4 56. c6 Kxf3 57. Kf7 1-0


[Site "https://www.chess.com"]

[Event "Titled Tuesday Blitz February 22 Early 2022"]
[White "Goryachkina, Aleksandra"]
[Black "Piesik, Piotr"]
[WhiteFideId "4147103"]
[BlackFideId "1136194"]
[WhiteElo "2426"]
[BlackElo "2232"]
[Result "0-1"]
[Round "03"]
[TimeControl "180+1"]
[Date "2022.02.22"]
[WhiteClock "0:00:03"]
[BlackClock "0:00:54"]

1. e4 g6 2. d4 Bg7 3. c4 d6 4. Nc3 Nd7 5. Be3 e5 6. d5 Ngf6 7. Be2 a5 8. Nf3 O-O 9. Nd2 Nc5 10. g4 Ne8 11. h4 f5 12. f3 c6 13. gxf5 gxf5 14. Qc2 Nf6 15. O-O-O cxd5 16. cxd5 Bd7 17. Bxc5 dxc5 18. Bb5 Bh6 19. Kb1 Bxd2 20. Rxd2 Nh5 21. Rg1+ Kh8 22. Rdg2 fxe4 23. fxe4 Bxb5 24. Nxb5 Qb6 25. Nc3 Nf4 26. Rg3 Rg8 27. Na4 Qb4 28. Nc3 Qd4 29. Rxg8+ Rxg8 30. Rxg8+ Kxg8 31. a3 c4 32. Qh2 Qe3 33. Qh1 Kf7 34. Ka2 b5 35. Nxb5 Qb3+ 36. Ka1 Qxb5 0-1


[Site "https://www.chess.com"]

[Event "Titled Tuesday Blitz February 22 Early 2022"]
[White "Gracia Alvarez, Gerardo Antonio"]
[Black "Thomas, Anysia"]
[WhiteFideId "5109124"]
[BlackFideId "670472"]
[WhiteElo "2139"]
[BlackElo "2002"]
[Result "1-0"]
[Round "03"]
[TimeControl "180+1"]
[Date "2022.02.22"]
[WhiteClock "0:00:11"]
[BlackClock "0:00:02"]

1. c4 g6 2. d4 Nf6 3. g3 Bg7 4. Bg2 d5 5. cxd5 Nxd5 6. Nf3 Nb6 7. O-O Nc6 8. e3 e5 9. dxe5 Qxd1 10. Rxd1 Nxe5 11. Nd4 O-O 12. Nc3 c6 13. b3 Bg4 14. Nde2 Bxe2 15. Nxe2 Nf3+ 16. Bxf3 Bxa1 17. Ba3 Rfd8 18. Rxa1 Rd2 19. Bb4 Rd7 20. e4 Rad8 21. Nc3 Rd3 22. Kg2 Nd7 23. Be2 Rd4 24. Be7 Re8 25. Ba3 b5 26. Bc1 b4 27. Be3 Rd6 28. Nd1 Rxe4 29. Nb2 Rde6 30. Bf3 R4e5 31. Rc1 c5 32. Nd3 Rxe3 33. fxe3 Rxe3 34. Nxc5 Ne5 35. Rf1 Rc3 36. Ne4 Rc2+ 37. Rf2 Rc7 38. Nf6+ Kg7 39. Nd5 Nd3 40. Nxc7 Nxf2 41. Kxf2 1-0


[Site "https://www.chess.com"]

[Event "Titled Tuesday Blitz February 22 Early 2022"]
[White "Grieve, Harry"]
[Black "Dronavalli, Harika"]
[WhiteFideId "426520"]
[BlackFideId "5015197"]
[WhiteElo "2294"]
[BlackElo "2382"]
[Result "1-0"]
[Round "03"]
[TimeControl "180+1"]
[Date "2022.02.22"]
[WhiteClock "0:00:13"]
[BlackClock "0:00:14"]

1. e4 c5 2. Nc3 Nc6 3. Bb5 Nd4 4. Nf3 a6 5. Bd3 e6 6. O-O Nc6 7. Nd5 b5 8. c3 Bb7 9. Re1 Bd6 10. Ne3 Nge7 11. Bc2 Bf4 12. d4 cxd4 13. cxd4 O-O 14. a3 Ng6 15. g3 Bh6 16. h4 Rc8 17. h5 Nge7 18. Ng4 Bxc1 19. Rxc1 f5 20. exf5 Nxf5 21. d5 Nce7 22. dxe6 dxe6 23. Qxd8 Rcxd8 24. Ng5 Nd4 25. Bxh7+ Kh8 26. Be4 Bxe4 27. Rxe4 Rd6 28. Rc7 Rf5 29. f4 Ndc6 30. Rxe6 Rxg5 31. Rxd6 Rxg4 32. Kf2 g6 33. hxg6 Kg7 34. Rdxc6 Kf8 35. Re6 Nxg6 36. Rxa6 Nxf4 37. Ra8# 1-0


[Site "https://www.chess.com"]

[Event "Titled Tuesday Blitz February 22 Early 2022"]
[White "Grunberg, Mihai-Lucian"]
[Black "Martirosyan, Haik M."]
[WhiteFideId "1204149"]
[BlackFideId "13306553"]
[WhiteElo "2364"]
[BlackElo "2735"]
[Result "0-1"]
[Round "03"]
[TimeControl "180+1"]
[Date "2022.02.22"]
[WhiteClock "0:00:27"]
[BlackClock "0:01:26"]

1. Nf3 f5 2. d4 Nf6 3. g3 g6 4. Bg2 Bg7 5. O-O O-O 6. c3 d6 7. Qb3+ e6 8. Nbd2 Nc6 9. Ng5 d5 10. Ndf3 h6 11. Nh3 g5 12. Ne5 Nxe5 13. dxe5 Ne4 14. f4 c5 15. Bxe4 fxe4 16. fxg5 Rxf1+ 17. Kxf1 hxg5 18. Bxg5 Qe8 19. Bf4 Qh5 20. Kg2 Qxe2+ 21. Nf2 e3 22. Rf1 exf2 23. Rxf2 Qe4+ 24. Kg1 Qc4 25. Qd1 Bd7 26. Qg4 Rf8 27. Qg6 Qe4 28. Qxe4 dxe4 29. Rd2 Bc6 30. Rd6 Kf7 31. Kf2 a5 32. Ke3 a4 33. h4 Rh8 34. Rd1 Bd5 35. b3 axb3 36. axb3 Ra8 37. c4 Bc6 38. h5 Ra3 39. Rb1 b5 40. cxb5 Bxb5 41. Kxe4 Bc6+ 42. Kd3 Bd5 43. g4 c4+ 44. Kc3 cxb3 45. g5 Ra4 46. Rf1 Kg8 47. h6 Rxf4 48. Rxf4 Bxe5+ 0-1


[Site "https://www.chess.com"]

[Event "Titled Tuesday Blitz February 22 Early 2022"]
[White "Gulecyuz, Deniz"]
[Black "Xie, Bryan"]
[WhiteFideId "30921341"]
[BlackFideId "30941296"]
[WhiteElo "1925"]
[BlackElo "1899"]
[Result "0-1"]
[Round "03"]
[TimeControl "180+1"]
[Date "2022.02.22"]
[WhiteClock "0:00:10"]
[BlackClock "0:00:22"]

1. e4 c5 2. Nf3 e6 3. d4 cxd4 4. Nxd4 Nc6 5. c4 Nf6 6. Nc3 a6 7. Be3 Qc7 8. Be2 Bb4 9. f3 O-O 10. O-O Be7 11. Qd2 d6 12. a3 b6 13. b4 Bb7 14. Rfc1 Rac8 15. Rab1 Qb8 16. Na4 Nd7 17. Bf1 Nxd4 18. Bxd4 Bc6 19. Nc3 b5 20. cxb5 axb5 21. Qe2 Bg5 22. Rd1 Bf4 23. Nxb5 d5 24. g3 dxe4 25. gxf4 exf3 26. Qd3 Qxf4 27. Bf2 Qg5+ 28. Kh1 Ne5 29. Qd2 Qh5 30. Na7 Ng4 31. Bg3 Be4 32. Qd4 Rc2 33. Qxe4 Qxh2+ 34. Bxh2 Rxh2+ 35. Kg1 f2# 0-1


[Site "https://www.chess.com"]

[Event "Titled Tuesday Blitz February 22 Early 2022"]
[White "Gunina, Valentina"]
[Black "Batsiashvili, Nino"]
[WhiteFideId "4167570"]
[BlackFideId "13602993"]
[WhiteElo "2465"]
[BlackElo "2230"]
[Result "1-0"]
[Round "03"]
[TimeControl "180+1"]
[Date "2022.02.22"]
[WhiteClock "0:00:48"]
[BlackClock "0:00:19"]

1. d4 d5 2. c4 e6 3. Nf3 Nf6 4. Nc3 a6 5. cxd5 exd5 6. Bg5 Be6 7. e3 Nbd7 8. Bd3 h6 9. Bh4 Bd6 10. O-O c6 11. e4 dxe4 12. Nxe4 Be7 13. Bg3 Nxe4 14. Bxe4 O-O 15. Re1 Nf6 16. Bc2 Re8 17. Qd3 Qb6 18. Bh4 g6 19. Ne5 g5 20. Bg3 Rad8 21. Rad1 Qxb2 22. h4 Qxa2 23. hxg5 hxg5 24. Qd2 Nh5 25. Bh2 Kg7 26. Qd3 Rh8 27. Nxf7 Bxf7 28. Rxe7 Rd6 29. Bxd6 1-0


[Site "https://www.chess.com"]

[Event "Titled Tuesday Blitz February 22 Early 2022"]
[White "Guseva, Marina"]
[Black "Maevsky, Nikolay"]
[WhiteFideId "4149351"]
[BlackFideId "4198220"]
[WhiteElo "2232"]
[BlackElo "2104"]
[Result "1-0"]
[Round "03"]
[TimeControl "180+1"]
[Date "2022.02.22"]
[WhiteClock "0:00:04"]
[BlackClock "0:00:12"]

1. d4 d5 2. Nf3 Nf6 3. Bf4 c5 4. e3 Nc6 5. Nbd2 Bg4 6. c3 e6 7. Qb3 Qb6 8. Ne5 Nxe5 9. Bxe5 Qxb3 10. axb3 Nd7 11. Bg3 a6 12. Bd3 Rc8 13. f3 Bh5 14. Kf2 Be7 15. h4 Bg6 16. Be2 h5 17. Bf4 Nf6 18. Bg5 Nd7 19. Bxe7 Kxe7 20. dxc5 Nxc5 21. b4 Nd7 22. b5 axb5 23. Bxb5 Ra8 24. Nb3 Ne5 25. Nc5 b6 26. Na6 Bd3 27. Nc7 Rac8 28. Ra7 Kf6 29. Ba4 Bc4 30. Bc2 Bd3 31. Bd1 Bc4 32. Be2 Bxe2 33. Kxe2 Nc4 34. b3 Nd6 35. Kf2 g6 36. Rha1 Rhd8 37. R1a6 Rb8 38. g3 Rdc8 39. Kg2 Nb7 40. Nb5 Nc5 41. Ra3 Rb7 42. b4 Rxa7 43. Nxa7 Rc7 44. bxc5 bxc5 45. Nb5 Rb7 46. Ra5 Ke7 47. Kf2 f6 48. Ra7 Rxa7 49. Nxa7 Kd6 50. Nb5+ Kc6 51. Na3 c4 52. Ke2 e5 53. Nc2 Kc5 54. Kd2 g5 55. hxg5 fxg5 56. Ne1 h4 57. gxh4 gxh4 58. f4 e4 59. Ke2 Kd6 60. Kf2 Ke6 61. Kg2 d4 62. exd4 Kf5 63. d5 e3 64. Kh3 Kxf4 65. d6 e2 66. d7 Ke3 67. d8=Q Kf2 68. Nc2 e1=Q 69. Nxe1 Kxe1 70. Qd4 Ke2 71. Kxh4 Kf1 72. Qxc4+ Kg2 73. Qd3 Kf2 74. Kg4 Kg2 75. Qd2+ Kf1 76. Kg3 Kg1 77. Qg2# 1-0


[Site "https://www.chess.com"]

[Event "Titled Tuesday Blitz February 22 Early 2022"]
[White "Hess, Robert"]
[Black "Vine, Elzbieta"]
[WhiteFideId "2022036"]
[BlackFideId "1119320"]
[WhiteElo "2557"]
[BlackElo "1897"]
[Result "1-0"]
[Round "03"]
[TimeControl "180+1"]
[Date "2022.02.22"]
[WhiteClock "0:00:16"]
[BlackClock "0:00:02"]

1. b3 e5 2. Bb2 d6 3. e3 Nc6 4. d4 Qf6 5. d5 Nce7 6. c4 Nh6 7. Nc3 Nhf5 8. Nf3 g5 9. Ne4 Qg6 10. Nexg5 Bh6 11. h4 f6 12. Ne6 Bxe6 13. dxe6 O-O-O 14. h5 Qg8 15. Qc2 Qxe6 16. O-O-O Rhg8 17. Kb1 Kb8 18. Rh2 e4 19. Nd4 Nxd4 20. Rxd4 Nc6 21. Rxe4 Qf7 22. Reh4 Rg5 23. Bd3 Rdg8 24. Bxh7 R8g7 25. Bg6 Qe6 26. Re4 Re5 27. Bxe5 dxe5 28. Rh1 Bg5 29. f4 f5 30. fxg5 fxe4 31. Qxe4 1-0


[Site "https://www.chess.com"]

[Event "Titled Tuesday Blitz February 22 Early 2022"]
[White "Hjartarson, Johann"]
[Black "Boros, Denes"]
[WhiteFideId "2300044"]
[BlackFideId "722340"]
[WhiteElo "2484"]
[BlackElo "2464"]
[Result "1-0"]
[Round "03"]
[TimeControl "180+1"]
[Date "2022.02.22"]
[WhiteClock "0:00:09"]
[BlackClock "0:00:05"]

1. Nf3 c6 2. g3 d6 3. Bg2 Nf6 4. O-O Bg4 5. d4 Nbd7 6. h3 Bh5 7. Nbd2 e5 8. c3 Qc7 9. e4 Be7 10. Qc2 O-O 11. Nh4 Rfe8 12. Re1 Bf8 13. Nf1 a5 14. Nf5 Bg6 15. N1e3 a4 16. Bd2 Qb6 17. Rad1 Qc7 18. Kh1 b5 19. f4 c5 20. fxe5 dxe5 21. d5 c4 22. Rf1 a3 23. b4 cxb3 24. Qxb3 Nc5 25. Qb1 Ra4 26. Qxb5 Rb8 27. Qc6 Qxc6 28. dxc6 Nfxe4 29. Be1 Rc8 30. Nd5 Bxf5 31. Rxf5 Rxc6 32. Rxe5 Re6 33. Rxe6 fxe6 34. Nb4 Ra7 35. Rd4 Nd6 36. g4 Kf7 37. Bf2 Rc7 38. Nc6 Nb5 39. Rf4+ Ke8 40. Rxf8+ Kxf8 41. Bxc5+ Ke8 42. c4 Nc3 43. Bxa3 Nxa2 44. Ne5 Ra7 45. Bd6 Nc3 46. c5 Ra1+ 47. Kh2 Rd1 48. Bb8 Nd5 49. c6 Rc1 50. Be4 g6 51. h4 Nf6 52. Bf3 Ke7 53. c7 Ne8 54. Bc6 Nxc7 55. Bxc7 Rc2+ 56. Kg3 Rc3+ 57. Kf4 Kf6 58. g5+ Kg7 59. Bd8 Rc1 60. Bf6+ Kf8 61. Bd7 Rf1+ 62. Kg3 Ra1 63. Bxe6 Ra3+ 64. Kg4 Ra4+ 65. Kg3 Ra3+ 66. Kf4 Ra4+ 67. Bc4 Rb4 68. Ke4 Ra4 69. Kd5 Ra5+ 70. Kd6 Ke8 71. Bf7+ Kf8 72. Bd5 Ke8 73. Nc6 Rb5 74. Ke6 Rb7 75. Ne5 Rb6+ 76. Bc6+ Kf8 77. Nd7+ 1-0


[Site "https://www.chess.com"]

[Event "Titled Tuesday Blitz February 22 Early 2022"]
[White "Hua, Lefong"]
[Black "Gormally, Daniel W"]
[WhiteFideId "2602253"]
[BlackFideId "406465"]
[WhiteElo "2586"]
[BlackElo "2543"]
[Result "0-1"]
[Round "03"]
[TimeControl "180+1"]
[Date "2022.02.22"]
[WhiteClock "0:00:29"]
[BlackClock "0:00:38"]

1. d4 Nf6 2. c4 c5 3. d5 b5 4. cxb5 a6 5. b6 d6 6. Nc3 Nbd7 7. a4 Qxb6 8. a5 Qb7 9. e4 g6 10. f4 Bg7 11. Bc4 O-O 12. Qd3 Ne8 13. Nf3 Nc7 14. O-O Rb8 15. Ra2 Nb5 16. Be3 Nf6 17. e5 Ng4 18. Bd2 dxe5 19. h3 Bf5 20. Ne4 Nf6 21. Nxf6+ Bxf6 22. Qe2 exf4 23. Bxf4 Nd6 24. b3 Nxc4 25. bxc4 Qb3 26. Bxb8 Bd3 27. Qf2 Bxf1 28. Be5 Bxc4 29. Rb2 Qd1+ 30. Kh2 Bxe5+ 31. Nxe5 Qxd5 32. Ng4 Qd6+ 33. g3 Be6 34. Rb6 Qd4 35. Qxd4 cxd4 36. Rxa6 Rd8 37. Nf2 d3 38. Rb6 d2 39. a6 d1=Q 40. Nxd1 Rxd1 41. a7 Bd5 42. Rb8+ Kg7 43. a8=Q Rh1# 0-1


[Site "https://www.chess.com"]

[Event "Titled Tuesday Blitz February 22 Early 2022"]
[White "Ibrahimli, Murad"]
[Black "Stanisz, Patryk"]
[WhiteFideId "13410229"]
[BlackFideId "1123106"]
[WhiteElo "2109"]
[BlackElo "1876"]
[Result "1-0"]
[Round "03"]
[TimeControl "180+1"]
[Date "2022.02.22"]
[WhiteClock "0:01:14"]
[BlackClock "0:00:02"]

1. e4 c5 2. Nf3 Nc6 3. Bb5 g6 4. O-O Bg7 5. Re1 Nf6 6. Nc3 d6 7. e5 dxe5 8. Nxe5 Qc7 9. d3 Bd7 10. Nxd7 Qxd7 11. Be3 Nd5 12. Nxd5 Qxd5 13. c3 O-O 14. Qb3 Qd6 15. Qa3 b6 16. d4 Rac8 17. dxc5 bxc5 18. Bxc5 Qf4 19. Be3 Qf6 20. Rad1 Ne5 21. h3 Rfd8 22. Bd4 Qf5 23. Ba6 1-0


[Site "https://www.chess.com"]

[Event "Titled Tuesday Blitz February 22 Early 2022"]
[White "Iljin, Timofey"]
[Black "Nithyalakshmi, Sivanesan"]
[WhiteFideId "14110180"]
[BlackFideId "5706955"]
[WhiteElo "2396"]
[BlackElo "1815"]
[Result "1-0"]
[Round "03"]
[TimeControl "180+1"]
[Date "2022.02.22"]
[WhiteClock "0:00:35"]
[BlackClock "0:00:01"]

1. e4 e5 2. d4 exd4 3. c3 dxc3 4. Bc4 d5 5. Bxd5 Be7 6. Nxc3 Nf6 7. Nf3 O-O 8. O-O Nxd5 9. Nxd5 Nc6 10. Bf4 Bd6 11. e5 Bc5 12. Rc1 Bb6 13. Qb3 Be6 14. Rfd1 Qe8 15. Qc3 Bxd5 16. Rxd5 Rd8 17. Rcd1 Rxd5 18. Rxd5 Qe6 19. Qd2 h6 20. h3 Re8 21. a3 Qf5 22. b4 a6 23. Bg3 Re6 24. Kh2 Qe4 25. Rd3 Rg6 26. Nh4 Re6 27. Nf3 Rg6 28. Qc2 Qf5 29. Rd8+ Nxd8 30. Qxf5 Ne6 31. Qe4 c6 32. Qd3 Bc7 33. Qd7 1-0


[Site "https://www.chess.com"]

[Event "Titled Tuesday Blitz February 22 Early 2022"]
[White "Indjic, Aleksandar"]
[Black "Shahaliyev, Ismayil"]
[WhiteFideId "911925"]
[BlackFideId "13406388"]
[WhiteElo "2616"]
[BlackElo "2105"]
[Result "0-1"]
[Round "03"]
[TimeControl "180+1"]
[Date "2022.02.22"]
[WhiteClock "0:00:06"]
[BlackClock "0:00:13"]

1. c4 Nf6 2. Nc3 c5 3. Nf3 Nc6 4. e3 e6 5. d4 d5 6. a3 a6 7. dxc5 Bxc5 8. b4 Ba7 9. Bb2 O-O 10. Qc2 d4 11. exd4 Nxd4 12. Nxd4 Bxd4 13. Be2 e5 14. O-O Be6 15. Rad1 Qc7 16. Na4 Bxb2 17. Nxb2 a5 18. c5 Rfc8 19. Bf3 axb4 20. axb4 Ra2 21. Rd2 h6 22. Rc1 g6 23. Qd1 e4 24. Be2 Qe5 25. Nc4 Bxc4 26. Bxc4 Rxd2 27. Qxd2 Kg7 28. h3 Rc7 29. Qc3 Qf4 30. g3 Qf5 31. Kg2 Rd7 32. Be2 h5 33. b5 Kg8 34. c6 bxc6 35. bxc6 Rc7 36. Qd4 Nd5 37. Rc5 e3 38. Rxd5 Qxf2+ 39. Kh1 Qe1+ 40. Kh2 Qxe2+ 41. Kh1 Qf1+ 42. Kh2 Qf2+ 43. Kh1 Qf3+ 44. Kh2 Kh7 45. Rd8 Qf2+ 46. Kh1 Qe1+ 47. Kh2 Qd2+ 48. Qxd2 exd2 49. Rxd2 Rxc6 50. h4 Kg7 51. Rd7 Re6 52. Kg2 Kf6 53. Ra7 Re5 54. Kf3 Rf5+ 55. Kg2 Kg7 56. Rb7 Rf6 57. Ra7 Re6 58. Rb7 Kf6 59. Ra7 Rd6 60. Rb7 Ke6 61. Kf3 Rd3+ 62. Kf4 Rd4+ 63. Kf3 Rd5 64. Ke4 Ra5 65. Kf3 Ra4 66. Rc7 Kf6 67. Rb7 Ra6 68. Rc7 Ke6 69. Rb7 Ra5 70. Kg2 f6 71. Rb2 Kf5 72. Rf2+ Ke6 73. Rb2 Rd5 74. Re2+ Re5 75. Rb2 Kf5 76. Rf2+ Ke6 77. Rb2 g5 78. hxg5 fxg5 79. Kh3 Kf5 80. Rf2+ Kg6 81. Rb2 Re3 82. Kg2 Rd3 83. Ra2 Kf5 84. Ra5+ Kf6 85. Ra6+ Ke5 86. Rh6 Rd2+ 87. Kf1 Ke4 88. Rxh5 Kf3 89. Ke1 Rd5 90. g4 Kxg4 91. Rh1 Rf5 92. Ke2 Kg3 93. Rg1+ Kh2 94. Rg4 Kh3 95. Rc4 g4 96. Rc8 g3 97. Rf8 0-1


[Site "https://www.chess.com"]

[Event "Titled Tuesday Blitz February 22 Early 2022"]
[White "Ishbaev, Alibek"]
[Black "De Souza, Cristiano Gomes"]
[WhiteFideId "14205017"]
[BlackFideId "2151758"]
[WhiteElo "2366"]
[BlackElo "2068"]
[Result "1-0"]
[Round "03"]
[TimeControl "180+1"]
[Date "2022.02.22"]
[WhiteClock "0:01:44"]
[BlackClock "0:01:34"]

1. c4 Nf6 2. Nc3 g6 3. e4 d6 4. g3 Bg7 5. Bg2 O-O 6. Nge2 c5 7. O-O Nc6 8. d3 a6 9. h3 Rb8 10. f4 Ne8 11. Be3 Nc7 12. f5 b5 13. Qd2 b4 14. Nd1 e6 15. g4 Nd4 16. Nxd4 cxd4 17. Bh6 f6 18. Bxg7 Kxg7 19. h4 exf5 20. exf5 Bb7 21. Nf2 a5 22. Ne4 Na6 23. Rf2 Nc5 24. Nxc5 dxc5 25. Raf1 Bxg2 26. Kxg2 Rb7 27. g5 Rbf7 28. fxg6 hxg6 29. gxf6+ Rxf6 30. Rxf6 Rxf6 31. Qg5 Qe7 32. Rxf6 Qxf6 33. Qxc5 Qxh4 34. Qc7+ Kh6 35. Qh2 Qxh2+ 36. Kxh2 Kg5 37. Kg3 Kf5 38. Kf3 g5 39. Kg3 a4 40. b3 a3 41. Kf3 g4+ 42. Kg3 Kg5 43. c5 Kf5 44. c6 Ke6 45. Kxg4 Kd6 46. Kf5 Kxc6 47. Ke4 Kc5 48. Ke5 Kc6 49. Kxd4 Kb5 50. Kd5 Kb6 51. Kc4 Ka5 52. Kc5 Ka6 53. Kxb4 1-0


[Site "https://www.chess.com"]